AoeStats
← Goku_San

Black Forest

510041386Analyzed
4v4 RM · 3d ago on Sep 29, 2026· 21m 24s· 8 players
Game mode
Random Map
Map size
Large (8 player)
Population
200
Speed
Normal
Resources
Standard
Victory
Conquest
Starting age
Dark Age
Ending age
Imperial Age
RankedLock teamsTeams togetherTeam positionsShared explorationLock speedFull tech treeHidden civsTurbo modeCheats
Victory
Defeat
🇲🇽 Teutons · Mexico
1320
+18
🇮🇱 Bohemians · Israel
1270
+20
🇮🇱 Mongols · Israel
1244
+21
🇺🇸 Italians · United States
1243
+21
🇹🇼 Britons · Taiwan
1375
-20
🇹🇼 Khmer · Taiwan
1373
-20
🇨🇳 Persians · China
1368
-20
🇨🇳 Mongols · China
1354
-20
Bjorn Ironside
0:52 Loom
15:01 Feudal Age
15:52 Double-Bit Axe
15:58 Stone Mining
Mike
2:09 Loom
12:04 Feudal Age
16:16 Castle Age
14:49 Double-Bit Axe
14:58 Horse Collar
17:13 Bow Saw
sbr
0:28 Loom
12:58 Feudal Age
16:52 Castle Age
15:05 Double-Bit Axe
15:52 Horse Collar
16:07 Gold Mining
17:50 Bow Saw
Goku_San
8:14 Loom
10:23 Feudal Age
11:32 Double-Bit Axe
15:37 Castle Age
13:50 Horse Collar
18:35 Fervor
祈求好运
0:45 Loom
10:45 Feudal Age
14:53 Castle Age
14:48 Double-Bit Axe
22:03 Wheelbarrow
pasonnosap
1:40 Loom
my60703
6:41 Loom
13:05 Feudal Age
16:02 Castle Age
13:50 Double-Bit Axe
13:48 Horse Collar
17:07 Bow Saw
16:58 Heavy Plow
mia
9:47 Feudal Age
11:19 Double-Bit Axe
14:16 Castle Age
12:09 Horse Collar
15:45 Bow Saw
20:49 Wheelbarrow
21:41 Heavy Plow
Connection lost

Rejoining the realm…

Still unreachable

The connection could not be restored.

Session expired

The server has moved on; the page needs a fresh start.